 Dungeon Crawl Stone Soup version 0.19.5 (webtiles) character file.

5765 greprep the Covert (level 10, 0/69 HPs)
             Began as a Spriggan Enchanter on Apr 30, 2017.
             Was a Believer of Makhleb.
             Succumbed to a killer bee's poison
             ... on level 10 of the Dungeon.
             The game lasted 00:42:11 (11282 turns).

greprep the Covert (Spriggan Enchanter)            Turns: 11282, Time: 00:42:12

Health: 0/69       AC: 25    Str: 10      XL:     10   Next: 49%
Magic:  0/23       EV:  4    Int: 17      God:    Makhleb [**....]
Gold:   390        SH:  7    Dex: 15 (17) Spells: 4 memorised, 17 levels left

rFire  . . .     SeeInvis +     F - +1 dagger (drain)
rCold  . . .     Gourm    .     (armour currently unavailable)
rNeg   + + +     Faith    .     C - +2 buckler
rPois  +         Spirit   +     (helmet currently unavailable)
rElec  .         Reflect  .     (cloak currently unavailable)
rCorr  .         Harm     .     (gloves unavailable)
MR     +....     NoTele   +     (boots unavailable)
Stlth  ++++++....               j - amulet of guardian spirit
                                (no ring)
                                q - +3 ring of strength

@: lethally poisoned (0 -> -2), tree-form, hasted, very quick
A: unfitting armour, see invisible, herbivore 3, (speed 0), slow metabolism 2
a: Minor Destruction, Renounce Religion


You were on level 10 of the Dungeon.
You worshipped Makhleb.
Makhleb was pleased with you.
You were not hungry.
You were a tree.
You visited 2 branches of the dungeon, and saw 10 of its levels.

You collected 390 gold pieces.

Inventory:

Hand Weapons
 a - a +1 dagger
 z - a +2 dagger of freezing
 F - a +1 dagger of draining (weapon)
Armour
 b - a +1 robe
 o - a +0 cloak (melded)
 C - a +2 buckler (worn)
 G - a +2 robe of cold resistance (melded)
Jewellery
 j - an amulet of guardian spirit (around neck)
 q - a +3 ring of strength (left branch)
Wands
 H - a wand of iceblast (5/15)
Scrolls
 f - 2 scrolls of fog {unknown}
 g - 3 scrolls of remove curse {unknown}
 h - 4 scrolls of enchant armour {unknown}
 k - 4 scrolls of random uselessness {unknown}
 l - 3 scrolls of identify {unknown}
 m - a scroll of fear {unknown}
 n - 2 scrolls of teleportation {unknown}
 v - a scroll of magic mapping {unknown}
 x - a scroll of blinking {unknown}
 y - 2 scrolls of noise {unknown}
 I - a scroll of amnesia {unknown}
 K - a scroll of recharging {unknown}
Potions
 d - a potion of heal wounds {unknown}
 e - 2 potions of haste
 i - 7 potions of curing {unknown}
 p - a potion of invisibility {unknown}
 r - 4 potions of might {unknown}
 s - a potion of ambrosia {unknown}
 w - 2 potions of lignification
 A - a potion of flight {unknown}
 D - a potion of brilliance {unknown}
 E - a potion of magic {unknown}
Books
 c - a book of Maledictions

   Spells                             Type                      Level
   a - Corona                         Hexes                        1
   b - Ensorcelled Hibernation        Hexes/Ice                    2
   c - Confuse                        Hexes                        3
   d - Tukima's Dance                 Hexes                        3
   e - Dazzling Spray                 Conjuration/Hexes            3
 t - a book of Conjurations

   Spells                             Type                      Level
   a - Magic Dart                     Conjuration                  1
   b - Searing Ray                    Conjuration                  2
   c - Dazzling Spray                 Conjuration/Hexes            3
   d - Fulminant Prism                Conjuration/Hexes            4
   e - Iskenderun's Mystic Blast      Conjuration                  4
   f - Iskenderun's Battlesphere      Conjuration/Charms           5
 J - a book of Changes

   Spells                             Type                      Level
   a - Beastly Appendage              Transmutation                1
   b - Sticks to Snakes               Transmutation                2
   c - Spider Form                    Transmutation/Poison         3
   d - Ice Form                       Ice/Transmutation            4
   e - Blade Hands                    Transmutation                5
Comestibles
 u - 3 bread rations
 B - 8 slices of pizza


   Skills:
 + Level 1.9 Fighting
 + Level 5.3 Short Blades
 + Level 6.0 Dodging
 + Level 14.1 Stealth
 + Level 1.2 Shields
 + Level 8.7 Spellcasting
 + Level 8.4 Hexes
 + Level 4.4 Ice Magic


You had 17 spell levels left.
You knew the following spells:

 Your Spells              Type           Power        Failure   Level  Hunger
a - Corona                Hex            #####..      1%          1    None
b - Ensorcelled Hibernat  Hex/Ice        ####..       1%          2    None
c - Confuse               Hex            #####...     1%          3    #......
d - Tukima's Dance        Hex            #####...     1%          3    #......


Dungeon Overview and Level Annotations

Branches:
Dungeon (10/15)            Temple (1/1) D:5            Lair (0/6) D:10
    Orc: D:9-12

Altars:
Ashenzari
Cheibriados
Dithmenos
Elyvilon
Fedhas
Gozag
Hepliaklqana
Kikubaaqudgha
Makhleb
Nemelex Xobeh
Okawaru
Qazlal
Ru
Sif Muna
Trog
Uskayaw
Vehumet
Xom
Yredelemnul
Zin
The Shining One


Innate Abilities, Weirdness & Mutations

You are very small and have problems with some larger weapons.
You are too small for most types of armour.
You have supernaturally acute eyesight. (SInv)
You are a herbivore.
((You cover ground extremely quickly.))
You need consume almost no food.


Message History

Beogh smites you!
* * * LOW HITPOINT WARNING * * *
The killer bee stings you.
* * * LOW HITPOINT WARNING * * *
You are more poisoned.
The killer bee poisons you!
You feel sick.
An orc opens the door.
You feel sick. You block the killer bee's attack.
It was a potion of lignification.
You turn into a tree.
Your +0 cloak melds into your body.
Your +2 robe of cold resistance melds into your body.
You feel less resistant to cold.
Your roots penetrate the ground.
You block the killer bee's attack.
The orc priest mumbles some strange prayers to Beogh against you.
Beogh smites you!
* * * LOW HITPOINT WARNING * * *
The killer bee stings you but does no damage.
It was a potion of haste.
You feel yourself speed up.
You die...

##..)##
...#####..)#########
...?...<..#y........
#..####.#'#o########
......o..# ####....#
#....# ##+#y# #♣#
#.# #.# #.# #.# #.#
#.# ..#


You could see 2 killer bees, an orc priest and an orc.

Vanquished Creatures
  A two-headed ogre (D:8)
  2 hippogriffs
  A yak (D:7)
  A human (D:7)
  3 hogs (D:7)
  A hungry ghost (D:7)
  2 wargs (D:10)
  Edmund (D:6)
  2 orc warriors
  6 sky beasts
  2 ice beasts
  8 ogres
  A centaur (D:5)
  2 crocodiles (D:9)
  4 bullfrogs
  A big kobold (D:9)
  A gnoll sergeant (D:7)
  A scorpion (D:8)
  6 killer bees
  3 howler monkeys (D:9)
  3 jellies
  3 crimson imps
  A bullfrog zombie (D:6)
  A centaur zombie (D:6)
  A quasit (D:9)
  6 orc priests
  Crazy Yiuf (D:6)
  2 bullfrog skeletons
  2 hounds
  6 orc wizards
  2 iguanas
  6 worker ants
  A hound zombie (D:5)
  A hound skeleton (D:5)
  A howler monkey zombie (D:6)
  12 gnolls
  12 adders
  A shadow imp (D:6)
  An adder skeleton (D:6)
  An adder zombie (D:5)
  2 worms (D:2)
  A leopard gecko (D:5)
  22 orcs
  4 giant cockroaches
  11 goblins
  15 hobgoblins
  9 kobolds
  5 quokkas
  A ball python (D:6)
  6 bats
  3 frilled lizards (D:1)
  A giant cockroach zombie (D:5)
  A jackal skeleton (D:5)
  A leopard gecko zombie (D:7)
  A quokka skeleton (D:6)
  6 rats
202 creatures vanquished.

Vanquished Creatures (collateral kills)
  3 wights (D:8)
3 creatures vanquished.

Grand Total: 205 creatures vanquished

Notes
Turn   | Place    | Note
-------+----------+-------------------------------------------
     0 | D:1      | greprep the Spriggan Enchanter began the quest for the Orb.
     0 | D:1      | Reached XP level 1. HP: 9/9 MP: 5/5
   448 | D:1      | Reached XP level 2. HP: 8/13 MP: 4/7
   455 | D:1      | Learned a level 2 spell: Ensorcelled Hibernation
   982 | D:1      | Reached skill level 5 in Stealth
  1560 | D:2      | Reached XP level 3. HP: 16/16 MP: 3/8
  2517 | D:2      | Reached XP level 4. HP: 21/21 MP: 5/10
  2595 | D:2      | Reached skill level 6 in Stealth
  2768 | D:3      | You fall through a shaft for 2 floors!
  2768 | D:5      | Entered Level 5 of the Dungeon
  2812 | D:5      | Noticed an ogre
  2834 | D:5      | Killed an ogre
  2834 | D:5      | Reached skill level 7 in Stealth
  2834 | D:5      | Reached XP level 5. HP: 14/24 MP: 1/11
  2923 | D:5      | Found a staircase to the Ecumenical Temple.
  2939 | Temple   | Entered the Ecumenical Temple
  3123 | D:5      | Noticed a centaur
  3132 | D:5      | Killed a centaur
  3132 | D:5      | Reached skill level 8 in Stealth
  3132 | D:5      | Reached skill level 1 in Ice Magic
  3132 | D:5      | Reached XP level 6. HP: 23/28 MP: 6/13
  3754 | D:5      | Found a sparkling altar of Nemelex Xobeh.
  4039 | D:5      | Reached skill level 9 in Stealth
  4039 | D:5      | Reached skill level 5 in Hexes
  4196 | D:5      | Noticed a sky beast
  4210 | D:5      | Reached XP level 7. HP: 32/32 MP: 6/14
  4701 | D:6      | Found a hide-covered altar of Uskayaw.
  4701 | D:6      | Found an ancient bone altar of Kikubaaqudgha.
  4702 | D:6      | Found a deep blue altar of Sif Muna.
  5081 | D:6      | Found a radiant altar of Vehumet.
  5109 | D:6      | Found a burning altar of Makhleb.
  5109 | D:6      | Found a glowing silver altar of Zin.
  5110 | D:6      | Noticed an angel
  5110 | D:6      | Noticed a blizzard demon
  5117 | D:6      | Became a worshipper of Makhleb the Destroyer
  5124 | D:6      | Reached skill level 10 in Stealth
  5192 | D:6      | Reached skill level 5 in Spellcasting
  5192 | D:6      | Reached XP level 8. HP: 27/36 MP: 0/16
  5525 | D:6      | Noticed Edmund
  5765 | D:7      | Learned a level 3 spell: Confuse
  5776 | D:6      | Killed Edmund
  6611 | D:6      | Reached skill level 11 in Stealth
  7716 | D:6      | Found a runed door.
  7723 | D:6      | Noticed Crazy Yiuf
  7727 | D:6      | Killed Crazy Yiuf
  7777 | D:7      | Reached XP level 9. HP: 40/40 MP: 20/20
  7792 | D:7      | Found a shattered altar of Ashenzari.
  7922 | D:7      | Reached skill level 12 in Stealth
  7937 | D:7      | Reached skill level 1 in Fighting
  8149 | D:7      | Reached * piety under Makhleb
  8204 | D:7      | Reached skill level 13 in Stealth
  8356 | D:7      | Found a deep blue altar of Sif Muna.
  9052 | D:9      | Reached skill level 5 in Dodging
  9084 | D:9      | Reached XP level 10. HP: 32/46 MP: 0/22
  9781 | D:9      | Reached ** piety under Makhleb
 10231 | D:9      | Learned a level 3 spell: Tukima's Dance
 10704 | D:8      | Reached skill level 5 in Short Blades
 10750 | D:8      | Reached skill level 1 in Shields
 10795 | D:8      | Reached skill level 14 in Stealth
 11217 | D:10     | Entered Level 10 of the Dungeon
 11218 | D:10     | Found a staircase to the Lair.
 11281 | D:10     | HP: 1/69 [orc priest/divine providence (8)]
 11282 | D:10     | Succumbed to a killer bee's poison

Skill      XL: |  1  2  3  4  5  6  7  8  9 10 |
---------------+-------------------------------+-----
Spellcasting   | 3 4 5 6 7 8 |  8.7
Hexes          | 4 5 6 8 |  8.4
Stealth        | 5 7 8 9 10 11 13 14 | 14.1
Short Blades   | 2 3 4 5 |  5.3
Ice Magic      | 1 2 3 4 |  4.4
Dodging        | 4 5 6 |  6.0
Fighting       | 1 |  1.9
Shields        | 1 |  1.2

Action                   |  1- 3 |  4- 6 |  7- 9 | 10-12 || total
-------------------------+-------+-------+-------+-------++-------
Melee: Dagger            |    85 |    96 |   210 |   179 ||   570
 Cast: Corona            |     4 |     2 |     4 |       ||    10
       Ensorcelled Hiber |    27 |    30 |   101 |    45 ||   203
       Confuse           |       |       |     4 |       ||     4
       Tukima's Dance    |       |       |       |     9 ||     9
  Use: Potion            |       |       |       |     2 ||     2
 Stab: Sleeping          |    27 |    36 |    68 |    30 ||   161
       Distracted        |       |     1 |       |       ||     1
       Confused          |       |       |     6 |       ||     6
  Eat: Bread ration      |     1 |       |       |     1 ||     2
       Pizza             |       |       |     2 |       ||     2
Armor: Robe              |    14 |     4 |     9 |    34 ||    61
       Skin              |       |       |       |     1 ||     1
Dodge: Dodged            |    69 |    65 |   165 |   197 ||   496
Block: Buckler           |       |       |    28 |    78 ||   106
